 Dungeon Crawl Stone Soup version 0.29.1-15-g9cfb28693d (console) character file.

Game seed: 6075936864651367474

42 magui the Shooter (level 3, -23/37 HPs)
             Began as an Ogre Hunter on Apr 28, 2023.
             Killed by an exploding goblin (33 damage)
             ... ignited by their inner flame
             ... on level 2 of the Dungeon.
             The game lasted 00:05:52 (1022 turns).

magui the Shooter (Ogre Hunter)                     Turns: 1022, Time: 00:05:53

Health: -23/37     AC:  3    Str: 15    XL:     3   Next: 54%
Magic:  1/1        EV: 10    Int: 10    God:
Gold:   91         SH:  0    Dex: 14    Spells: 2/2 levels left

rFire   . . .      SeeInvis .   d - +2 dagger (antimagic)
rCold   . . .      Faith    .   (no shield)
rNeg    . . .      Spirit   .   c - +0 robe
rPois   .          Reflect  .   (helmet restricted)
rElec   .          Harm     .   (no cloak)
rCorr   .          Rampage  .   (gloves unavailable)
Will    .....                   (boots unavailable)
Stlth   ++........              h - amulet of regeneration
HPRegen 0.92/turn               (no ring)
MPRegen 0.07/turn               (no ring)

@: no status effects
A: large, unfitting armour, tough skin 1
a: no special abilities


You were on level 2 of the Dungeon.
You visited 1 branch of the dungeon, and saw 2 of its levels.

You collected 91 gold pieces.

Inventory:

Hand Weapons
 a - a +0 shortbow
 d - a +2 antimagic dagger (weapon)
Armour
 c - a +0 robe (worn)
Jewellery
 h - an amulet of regeneration (around neck)
Scrolls
 b - a scroll of immolation
 k - a scroll of amnesia {unknown}
Potions
 f - 2 potions of berserk rage {unknown}
 g - a potion of mutation {unknown}
 j - a potion of degeneration {unknown}


   Skills:
 + Level 3.0 Fighting
 + Level 3.6 Ranged Weapons
 + Level 2.1 Dodging
 + Level 0.8 Stealth


You had 2 spell levels left.
You didn't know any spells.
Your spell library was empty.

Dungeon Overview and Level Annotations

Branches:
Dungeon (2/15)

Altars:


Innate Abilities, Weirdness & Mutations

You are too large for most types of armour.
You have tough skin. (AC +1)


Message History

* * * LOW HITPOINT WARNING * * *
The hobgoblin barely misses you. The goblin hits you but does no damage.
You hit the hobgoblin.
You kill the hobgoblin!
The goblin no longer looks unusually strong.
The goblin closely misses you. x2
You barely miss the goblin.
The goblin closely misses you. x2; The goblin hits you with a +0 dagger.
* * * LOW HITPOINT WARNING * * *
You closely miss the goblin. The goblin hits you with a +0 dagger.
* * * LOW HITPOINT WARNING * * *
The goblin hits you but does no damage. x2
You hit the goblin.
The goblin is severely wounded.
The goblin no longer looks unusually strong.
The goblin hits you with a +0 dagger.
* * * LOW HITPOINT WARNING * * *
The goblin hits you but does no damage. The goblin barely misses you.
You feel better.
The goblin no longer looks unusually strong.
The goblin misses you. The goblin hits you but does no damage.
The goblin barely misses you.
Really read the scroll of immolation?
As you read the scroll of immolation, it crumbles to dust.
The creatures around you are filled with an inner flame!
The goblin hits you but does no damage. The goblin hits you with a +0 club.
* * * LOW HITPOINT WARNING * * *
The goblin hits you with a +0 dagger.
* * * LOW HITPOINT WARNING * * *
You miss the goblin.
The goblin is severely wounded.
The goblin hits you but does no damage. The goblin completely misses you.
The goblin hits you with a +0 dagger.
* * * LOW HITPOINT WARNING * * *
You hit the goblin.
Flame seeps out of the goblin.
The goblin is severely wounded.
The goblin is engulfed in blazing flames.
The goblin explodes!
The fiery explosion engulfs the goblin!!!
The fiery explosion engulfs the goblin!!
The fiery explosion engulfs you!!
Ouch! That really hurt!
You die...

..> #.. # #.####.
###..... #.....#
#.#...####
.g#####.#.#....#
g...g.g........#
..#####...#....#
###.#†..§#####
###......g§○@g.#
#.#.....#####g....#
#.#...............#
#<......#####........
####.....## #....##+#
#.........# #....#
#.........# #....+
#.........# #....#
#.....)...#
#.........#
#.........#


You could see 3 goblins.

Vanquished Creatures
  Robin (D:2)
  5 bats (D:1)
  2 giant cockroaches (D:1)
  9 goblins
  6 hobgoblins
  A jackal (D:1)
  4 ball pythons (D:1)
  A kobold (D:1)
  A rat (D:1)
30 creatures vanquished.

Notes
Turn   | Place    | Note
-------+----------+-------------------------------------------
     0 | D:1      | magui the Ogre Hunter began the quest for the Orb.
     0 | D:1      | Reached XP level 1. HP: 22/22 MP: 1/1
   232 | D:1      | Found a faded altar of an unknown god.
   234 | D:1      | Reached XP level 2. HP: 29/29 MP: 2/2
   945 | D:2      | Reached XP level 3. HP: 34/36 MP: 3/3
   976 | D:2      | Noticed Robin
  1009 | D:2      | Killed Robin
  1010 | D:2      | HP: 1/37 [goblin/+0 dagger[Robin] (4)]
  1018 | D:2      | HP: 1/37 [goblin/+0 dagger[Robin] (4)]
  1022 | D:2      | Killed by an exploding goblin... ignited by their inner
                  | flame

Illustrated notes

Levels and vault maps discovered:
D:1:      tarquinn_simple_flora_water_c, layout_loops_ring,
          shapermc_ecumenical_altar_starsandcircs, st_stairs_10
D:2:      layout_basic, minmay_liquid_box, chequers_serial_rivers_micro_c,
          uniq_robin

Skill      XL: |  1  2  3 |
---------------+----------+-----
Dodging        | 2 |  2.1
Ranged Weapons | 3 |  3.6
Fighting       | 3 |  3.0
Stealth        | |  0.8

Action                   || total
-------------------------++-------
Melee: Dagger            ||    30
 Fire: Shortbow          ||    70
  Use: Scroll            ||     4
       Potion            ||     2
Armor: Robe              ||    41
Dodge: Dodged            ||    45
